 Dungeon Crawl Stone Soup version 0.21-a0-633-g4c047d5 (webtiles) character file.

189 mortelune the Skirmisher (level 6, -2/49 HPs)
             Began as a Formicid Abyssal Knight on Dec 28, 2017.
             Was a Believer of Lugonu.
             Slain by an iguana (3 damage)
             ... on level 4 of the Dungeon.
             The game lasted 00:11:03 (3887 turns).

mortelune the Skirmisher (Formicid Abyssal Knight)  Turns: 3887, Time: 00:11:03

Health: -2/49      AC:  9    Str: 15 (18) XL:     6   Next: 0%
Magic:  8/8        EV: 11    Int:  9 (12) God:    Lugonu [**....]
Gold:   155        SH:  0    Dex:  9 (10) Spells: 5/5 levels left

rFire    . . .     SeeInvis +   a - +1 hand axe
rCold    . . .     Gourm    .   (no shield)
rNeg     . . .     Faith    +   o - +0 scale mail
rPois    .         Spirit   .   (helmet unavailable)
rElec    .         Reflect  .   (no cloak)
rCorr    .         Harm     .   y - +0 pair of gloves
MR       .....                  (no boots)
Stlth    ..........             h - amulet of faith
HPRegen  0.16/turn              (no ring)
MPRegen  0.11/turn              (no ring)

@: no status effects
A: permanent stasis, dig shafts and tunnels, four strong arms, antennae 3,
repulsion field 1, rugged brown scales 1
a: Dig, Shaft Self, Depart the Abyss, Bend Space, Renounce Religion


You were on level 4 of the Dungeon.
You worshipped Lugonu.
Lugonu was pleased with you.
You were very hungry.

You visited 1 branch of the dungeon, and saw 4 of its levels.
You visited the Abyss 1 time.

You collected 155 gold pieces.

Inventory:

Hand Weapons
 a - a +1 hand axe (weapon)
 b - a +0 hunting sling
Missiles
 A - 32 stones (quivered)
Armour
 j - a +0 leather armour
 o - a +0 scale mail (worn)
 s - a +0 leather armour
 y - a +0 pair of gloves (worn)
Jewellery
 h - an amulet of faith (around neck)
 v - an uncursed amulet of magic regeneration
 C - an uncursed ring of ice
Wands
 w - a wand of random effects (20)
Scrolls
 g - a scroll of fear {unknown}
 k - 2 scrolls of remove curse
 l - a scroll of blinking {unknown}
 n - 4 scrolls of identify {unknown}
 p - a scroll of enchant armour {unknown}
 r - a scroll of magic mapping {unknown}
 u - 4 scrolls of amnesia {unknown}
Potions
 d - a potion of agility {unknown}
 e - a potion of ambrosia {unknown}
 f - a potion of cancellation {unknown}
 i - a potion of heal wounds {unknown}
 m - a potion of degeneration
 q - a potion of mutation
 t - a potion of curing {unknown}
 x - a potion of magic
 z - a potion of flight {unknown}
Comestibles
 c - 4 rations


   Skills:
 + Level 4.2 Fighting
 * Level 3.9 Axes
 + Level 3.4 Armour
 - Level 0.8 Dodging
 + Level 3.4 Invocations


You had 5 spell levels left.
You didn't know any spells.

Dungeon Overview and Level Annotations

Branches:
Dungeon (4/15)
 Temple: D:4-7

Altars:
Nemelex Xobeh
Qazlal
Zin

Shops:
D:3 *


Innate Abilities, Weirdness & Mutations

You cannot be hasted, slowed, berserked, paralysed or teleported.
You can dig through walls and to a lower floor.
Your four strong arms can wield two-handed weapons with a shield.
You have a pair of large antennae on your head. (SInv)
You are surrounded by a mild repulsion field. (EV +2)
You are partially covered in rugged brown scales. (AC +1, +3% HP)


Message History

You feel stronger.
You are feeling very hungry.
You can no longer banish your foes.
Space bends around you!
You blink. 4 orcs come into view.
The orc shouts! x2
An orc priest comes into view. It is wielding a dagger.
It was a potion of degeneration.
There was something very wrong with that liquid.
You feel weakened.
You feel dopey.
You feel clumsy. The orc barely misses you.
It was a potion of mutation.
You feel extremely strange.
You begin to radiate repulsive energy.
Rugged brown scales grow over part of your body.
The orc hits you with a club.
* * * LOW HITPOINT WARNING * * *
The iguana barely misses you.
It was a potion of magic.
Magic courses through your body. The iguana bites you.
You die...

#.# #o# #.# #{#
###### #o# .....#
#{# .....# #.#
.....#############o#
.........)§§...l@oo#
.....###############
.......÷.......#
.....#########.#
.....# #.# ######
#.# #.# #.# #.#


You could see an iguana and 3 orcs.

Vanquished Creatures
  An orc wizard (D:3)
  5 adders
  2 worms (D:2)
  2 dart slugs
  4 leopard geckos
  4 orcs (D:3)
  2 ball pythons
  2 bats
  9 giant cockroaches
  14 goblins
  7 hobgoblins
  8 jackals
  4 frilled lizards
  5 kobolds
  6 rats
75 creatures vanquished.

Vanquished Creatures (others)
  An iguana (D:4)
1 creature vanquished.

Grand Total: 76 creatures vanquished

Notes
Turn   | Place    | Note
-------+----------+-------------------------------------------
     0 | Abyss:1  | mortelune the Formicid Abyssal Knight began the quest for the Orb.
     0 | Abyss:1  | Reached XP level 1. HP: 18/18 MP: 2/2
    61 | Abyss:1  | Noticed a large abomination
    62 | Abyss:1  | Noticed a small abomination
    62 | D:1      | Escaped the Abyss
   106 | D:1      | Reached XP level 2. HP: 13/24 MP: 3/3
   330 | D:1      | Reached * piety under Lugonu
   427 | D:1      | Reached XP level 3. HP: 25/29 MP: 4/4
   981 | D:2      | Found a stormy altar of Qazlal.
  1596 | D:2      | Reached ** piety under Lugonu
  1596 | D:2      | Reached XP level 4. HP: 33/37 MP: 6/6
  2360 | D:3      | Found Zin's Purification Station.
  2364 | D:3      | Found a glowing silver altar of Zin.
  2560 | D:3      | Reached XP level 5. HP: 20/42 MP: 7/7
  2766 | D:3      | Reached skill level 4 in Fighting
  3625 | D:4      | Reached *** piety under Lugonu
  3733 | D:4      | Found a sparkling altar of Nemelex Xobeh.
  3880 | D:4      | HP: 2/42 [iguana (8)]
  3881 | D:4      | Reached XP level 6. HP: 3/48 MP: 8/8
  3886 | D:4      | Gained mutation: You are surrounded by a mild repulsion field. (EV +2) [potion of mutation]
  3886 | D:4      | Gained mutation: You are partially covered in rugged brown scales. (AC +1, +3% HP) [potion of mutation]
  3886 | D:4      | HP: 1/49 [orc/club (1)]
  3887 | D:4      | Slain by an iguana

Vault maps used:
D:1:      dpeg_arrival_rhombus
D:2:      lemuel_doored_altar
D:3:      zin_purify, first_ration
D:4:      nicolae_overflow_crystal_walls, nemelex_xobeh_ov_fountains_minmay,
          kiku_gazebo_pond_becter, kennysheep_mini, trog_hazing_becter,
          uniq_crazy_yiuf_cottage, uniq_sigmund

Skill      XL: |  1  2  3  4  5 |
---------------+----------------+-----
Axes           | 3 |  3.9
Invocations    | 3 |  3.4
Armour         | 3 |  3.4
Fighting       | 4 |  4.2
Dodging        | |  0.8

Action                   |  1- 3 |  4- 6 || total
-------------------------+-------+-------++-------
Melee: Hand axe          |   130 |   175 ||   305
 Fire: Hunting sling     |       |     5 ||     5
Invok: Depart the Abyss  |     1 |       ||     1
       Bend Space        |       |     3 ||     3
       Banish            |       |     1 ||     1
  Use: Scroll            |     1 |       ||     1
       Potion            |       |     3 ||     3
  Eat: Chunk             |     2 |     7 ||     9
Armor: Leather armour    |    26 |       ||    26
       Scale mail        |     6 |    81 ||    87
Dodge: Dodged            |    83 |    76 ||   159

Table legend:
 A = Spawn XP
 B = Non-spawn XP
 C = Spawn XP percentage of total XP
 D = Spawn monster count
 E = Non-spawn monster count
 F = Spawn count percentage of total count
 G = Total turns spent on level
                    A         B        C        D         E        F      G
               +---------+---------+-------+---------+---------+-------+---------
         Total |       0 |     270 |   0.0 |       0 |      76 |   0.0 |  3887
               +---------+---------+-------+---------+---------+-------+---------
           D:1 |       0 |      46 |   0.0 |       0 |      26 |   0.0 |  1347
           D:2 |       0 |      56 |   0.0 |       0 |      21 |   0.0 |   893
           D:3 |       0 |     115 |   0.0 |       0 |      22 |   0.0 |  1195
           D:4 |       0 |      53 |   0.0 |       0 |       7 |   0.0 |   390
               +---------+---------+-------+---------+---------+-------+---------
